[Event "DVM U20 2019"]
[Site "Braunschweig"]
[Date "2019.12.29"]
[Round "6"]
[White "Ortner, Jonas Ruben"]
[Black "Kaiser, Frederic"]
[Result "1-0"]
[ECO "C12"]
[WhiteElo "1718"]
[BlackElo "1901"]
[Annotator "NA"]
[PlyCount "47"]
[EventDate "2019.12.27"]
[EventType "team-tourn"]
[EventRounds "7"]
[EventCountry "GER"]
[SourceTitle "playchess.com"]
[Source "ChessBase"]
[SourceQuality "1"]
[WhiteTeam "SK Bebenhausen"]
[BlackTeam "Sges Bensheim"]
[TimeControl "40/5400+30:1800+30"]

1. e4 e6 2. d4 d5 3. Nc3 Nf6 4. Bg5 Bb4 5. e5 h6 6. Bd2 Bxc3 7. bxc3 Ne4 8. Qg4 Kf8 9. Qf4 Nxd2 10. Qxd2 c5 11. Nf3 Nc6 12. Bd3 Qa5 13. dxc5 Qxc5 14. O-O Bd7 15. Rab1 Na5 16. Nd4 Rc8 17. Nb5 Bxb5 18. Rxb5 Qc7 19. Qf4 b6 20. Qg3 Qxc3 21. f4 Qd4+ 22. Kh1 g6 23. Bxg6 {[%emt 0:06:22] normal} Rc3 24. Qh4 {[%emt 0:00:51] normal} 1-0

[Event "DVM U20 2019"]
[Site "Braunschweig"]
[Date "2019.12.29"]
[Round "6"]
[White "Honisch, Alexander"]
[Black "Meister, Konstantin"]
[Result "1-0"]
[ECO "C54"]
[WhiteElo "1477"]
[BlackElo "1256"]
[Annotator "NA"]
[PlyCount "85"]
[EventDate "2019.12.27"]
[EventType "team-tourn"]
[EventRounds "7"]
[EventCountry "GER"]
[SourceTitle "playchess.com"]
[Source "ChessBase"]
[SourceQuality "1"]
[WhiteTeam "SK Bebenhausen"]
[BlackTeam "Sges Bensheim"]
[TimeControl "40/5400+30:1800+30"]

1. e4 e5 2. Nf3 Nc6 3. Bc4 Bc5 4. c3 Nf6 5. d4 exd4 6. cxd4 Bb4+ 7. Bd2 Nxe4 8. Bxb4 Nxb4 9. Bxf7+ Kf8 10. Bb3 Qe7 11. O-O d6 12. Re1 Bg4 13. Nc3 Re8 14. Rxe4 Qd7 15. Rf4+ Ke7 16. Rf7+ Kd8 17. Rxd7+ Bxd7 18. a3 Nc6 19. d5 Ne7 20. Rc1 Nc8 21. Ng5 Rhf8 22. Ne6+ Bxe6 23. dxe6 c6 24. Qg4 Re7 25. Ne2 Kc7 26. Nd4 Kb8 27. Nf5 Rc7 28. Re1 Ne7 29. Nxd6 Rd8 30. Nf5 Nxf5 31. Qxf5 Re7 32. Qg5 Rde8 33. Rd1 Kc8 34. Qg4 Kb8 35. f4 g6 36. Rd7 Rxd7 37. exd7 Rd8 38. Be6 Kc7 39. f5 gxf5 40. Qf4+ Kb6 41. a4 a5 42. b4 {[%emt 0:00:37] normal} Ka7 43. Qc7 {[%emt 0:00:18] normal} 1-0

[Event "DVM U20 2019"]
[Site "Braunschweig"]
[Date "2019.12.29"]
[Round "6"]
[White "Gerold, Robin"]
[Black "Brüll, Elias"]
[Result "0-1"]
[ECO "B51"]
[WhiteElo "1448"]
[BlackElo "1797"]
[Annotator "NA"]
[PlyCount "64"]
[EventDate "2019.12.27"]
[EventType "team-tourn"]
[EventRounds "7"]
[EventCountry "GER"]
[SourceTitle "playchess.com"]
[Source "ChessBase"]
[SourceQuality "1"]
[WhiteTeam "SF HN-Biberach"]
[BlackTeam "SC Bavaria Regensburg"]
[TimeControl "40/5400+30:1800+30"]

1. e4 c5 2. Nf3 d6 3. Bb5+ Nd7 4. Bxd7+ Bxd7 5. c4 Nf6 6. Nc3 g6 7. O-O Bg7 8. d4 cxd4 9. Nxd4 O-O 10. Be3 Ng4 11. Qd2 Rc8 12. b3 Qa5 13. Nd5 Qxd2 14. Bxd2 Bxd4 15. Nxe7+ Kg7 16. Nxc8 Bxa1 17. Nxd6 Be5 18. Nxb7 Bxh2+ 19. Kh1 Bc7 20. Nc5 Bc6 21. f3 Ne5 22. Bc3 Kg8 23. Rd1 Bb6 24. Bxe5 Bxc5 25. Bf6 Re8 26. e5 a5 27. Kh2 a4 28. Rd3 Rb8 29. g4 Kf8 30. Kg3 axb3 31. axb3 Be7 32. g5 Ke8 {[%emt 0:02:46] normal} 0-1

[Event "DVM U20 2019"]
[Site "Braunschweig"]
[Date "2019.12.29"]
[Round "6"]
[White "Schäfer, Melvin"]
[Black "Peukert, Marc"]
[Result "0-1"]
[ECO "E61"]
[WhiteElo "1392"]
[BlackElo "1518"]
[Annotator "NA"]
[PlyCount "46"]
[EventDate "2019.12.27"]
[EventType "team-tourn"]
[EventRounds "7"]
[EventCountry "GER"]
[SourceTitle "playchess.com"]
[Source "ChessBase"]
[SourceQuality "1"]
[WhiteTeam "SG Trier"]
[BlackTeam "USV TU Dresden"]
[TimeControl "40/5400+30:1800+30"]

1. d4 Nf6 2. c4 g6 3. Nc3 Bg7 4. Bf4 O-O 5. e4 d6 6. Nf3 Nbd7 7. Be2 Nh5 8. Be3 e5 9. O-O Nb6 10. d5 f5 11. Ng5 f4 12. Bxb6 Qxg5 13. Bxc7 Bh3 14. Bf3 Bxg2 15. Bg4 Bxf1 16. Kxf1 f3 17. Bxf3 Qf6 18. Kg2 Nf4+ 19. Kf1 a6 20. Qd2 Rac8 21. Bb6 Rxc4 22. Be2 Nxe2 23. Nxe2 Rxe4 {[%emt 0:02:04] normal} 0-1

[Event "DVM U20 2019"]
[Site "Braunschweig"]
[Date "2019.12.29"]
[Round "6"]
[White "Meier, Julian"]
[Black "Kirschweng, Luca"]
[Result "1/2-1/2"]
[ECO "D53"]
[WhiteElo "1323"]
[BlackElo "1718"]
[Annotator "NA"]
[PlyCount "56"]
[EventDate "2019.12.27"]
[EventType "team-tourn"]
[EventRounds "7"]
[EventCountry "GER"]
[SourceTitle "playchess.com"]
[Source "ChessBase"]
[SourceQuality "1"]
[WhiteTeam "USV TU Dresden"]
[BlackTeam "SG Trier"]
[TimeControl "40/5400+30:1800+30"]

1. d4 e6 2. c4 d5 3. Nc3 Nf6 4. Bg5 Be7 5. cxd5 exd5 6. e3 O-O 7. Bd3 Be6 8. Nf3 h6 9. Bf4 Nbd7 10. Qc2 Rc8 11. O-O c5 12. dxc5 Nxc5 13. Qb1 Nxd3 14. Qxd3 Qb6 15. Rab1 Rfd8 16. Be5 Ne8 17. Bd4 Qa5 18. Nd2 a6 19. Nb3 Qc7 20. Rbc1 Qb8 21. Rfd1 Bf6 22. Qe2 Bxd4 23. Rxd4 Nf6 24. Rcd1 Qc7 25. h3 Qc6 26. e4 Rd7 27. exd5 Nxd5 {[%emt 0:01:20] normal} 28. Nxd5 {[%emt 0:03:06] normal} Rxd5 {[%emt 0:01:10] normal} 1/2-1/2

[Event "DVM U20 2019"]
[Site "Braunschweig"]
[Date "2019.12.29"]
[Round "6"]
[White "Simrock, Manuel"]
[Black "Roesler, Hannah Clara"]
[Result "0-1"]
[ECO "B34"]
[WhiteElo "1211"]
[BlackElo "1695"]
[Annotator "NA"]
[PlyCount "81"]
[EventDate "2019.12.27"]
[EventType "team-tourn"]
[EventRounds "7"]
[EventCountry "GER"]
[SourceTitle "playchess.com"]
[Source "ChessBase"]
[SourceQuality "1"]
[WhiteTeam "Sges Bensheim"]
[BlackTeam "SK Bebenhausen"]
[TimeControl "40/5400+30:1800+30"]

1. e4 c5 2. Nf3 g6 3. d4 cxd4 4. Nxd4 Nc6 5. Nc3 Bg7 6. Be3 Nf6 7. Be2 O-O 8. Qd2 d5 9. exd5 Nb4 10. Rd1 Nbxd5 11. Nxd5 Nxd5 12. Bh6 Qb6 13. Bxg7 Kxg7 14. c4 Nf6 15. O-O Bd7 16. Qc3 Rfe8 17. Nc2 Bc6 18. b4 e5 19. Kh1 Ba4 20. f3 Bxc2 21. Qxc2 Qxb4 22. Rb1 Qe7 23. Qb3 b6 24. Rfd1 Red8 25. Qe3 Nh5 26. Rb5 Rxd1+ 27. Bxd1 Re8 28. Bb3 Nf6 29. c5 Qd7 30. a4 Qd4 31. Qxd4 exd4 32. Kg1 bxc5 33. Rxc5 Re7 34. Kf2 Rd7 35. Ke2 Nh5 36. g3 Kf6 37. Kd3 Ng7 38. Ke4 Ne6 39. Rd5 Rb7 40. Bc4 Rb4 41. Bb5 {[%emt 0:30:45] normal} 0-1

[Event "DVM U20 2019"]
[Site "Braunschweig"]
[Date "2019.12.30"]
[Round "7"]
[White "Engel, Luis"]
[Black "Stelmaszyk, Nico"]
[Result "1-0"]
[ECO "C70"]
[WhiteElo "2531"]
[BlackElo "2193"]
[Annotator "ChessBase"]
[PlyCount "62"]
[EventDate "2019.12.27"]
[EventType "team-tourn"]
[EventRounds "7"]
[EventCountry "GER"]
[SourceTitle "playchess.com"]
[Source "ChessBase"]
[SourceQuality "1"]
[WhiteTeam "Hamburger SK"]
[BlackTeam "SK Lehrte 1919"]
[TimeControl "40/5400+30:1800+30"]

1. e4 e5 2. Nf3 Nc6 3. Bb5 a6 4. Ba4 b5 5. Bb3 g6 6. a4 b4 7. d4 exd4 8. Nxd4 Na5 9. Bd5 c6 10. Ba2 Bg7 11. O-O Ne7 12. c3 Rb8 13. cxb4 Rxb4 14. Nc2 Rxe4 15. Nd2 Re5 16. b4 Nb7 17. Bb2 O-O 18. Bxe5 Bxe5 19. Rb1 d5 20. Qe2 Bg7 21. Rfe1 Nf5 22. Qxa6 Nh4 23. Qxc6 Nxg2 24. Kxg2 Qg5+ 25. Kh1 Qxd2 26. Bxd5 Bf5 27. Be4 Nd6 28. Bxf5 Nxf5 29. b5 Nh6 30. Ne3 Qxf2 {[%emt 0:00:52] normal} 31. Qg2 Qf4 1-0

[Event "DVM U20 2019"]
[Site "Braunschweig"]
[Date "2019.12.30"]
[Round "7"]
[White "Kololli, Martin"]
[Black "Wendler, David"]
[Result "1/2-1/2"]
[ECO "B22"]
[WhiteElo "2343"]
[BlackElo "2204"]
[Annotator "RC"]
[PlyCount "30"]
[EventDate "2019.12.27"]
[EventType "team-tourn"]
[EventRounds "7"]
[EventCountry "GER"]
[SourceTitle "playchess.com"]
[Source "ChessBase"]
[SourceQuality "1"]
[WhiteTeam "Lübecker SV"]
[BlackTeam "SK Bebenhausen"]
[TimeControl "40/5400+30:1800+30"]

1. e4 c5 2. c3 Nf6 3. e5 Nd5 4. d4 cxd4 5. Nf3 Nc6 6. cxd4 d6 7. Bc4 Nb6 8. Bb5 dxe5 9. Nxe5 Bd7 10. Nxd7 Qxd7 11. Nc3 e6 12. O-O Rd8 13. Be3 Be7 14. Qg4 O-O 15. Rad1 Rfe8 {[%emt 0:05:39] normal} 1/2-1/2

[Event "DVM U20 2019"]
[Site "Braunschweig"]
[Date "2019.12.30"]
[Round "7"]
[White "Kueppers, Timo"]
[Black "Vuckovic, Zarko"]
[Result "1-0"]
[ECO "A21"]
[WhiteElo "2296"]
[BlackElo "2258"]
[Annotator "ChessBase"]
[PlyCount "31"]
[EventDate "2019.12.27"]
[EventType "team-tourn"]
[EventRounds "7"]
[EventCountry "GER"]
[SourceTitle "playchess.com"]
[Source "ChessBase"]
[SourceQuality "1"]
[WhiteTeam "SF Essen-Katernberg"]
[BlackTeam "SF Augsburg"]
[TimeControl "40/5400+30:1800+30"]

1. c4 e5 2. Nc3 Bb4 3. g3 Bxc3 4. dxc3 Nc6 5. Bg2 d6 6. e4 Be6 7. Qe2 Na5 8. b3 a6 9. Nf3 b5 10. c5 dxc5 11. Nxe5 Qf6 12. f4 Nc6 13. Nxc6 Qxc3+ 14. Kf2 Qxa1 15. Be3 Qf6 16. Bxc5 {[%emt 0:00:59] normal} 1-0

[Event "DVM U20 2019"]
[Site "Braunschweig"]
[Date "2019.12.30"]
[Round "7"]
[White "Sieber, Fiona"]
[Black "Richter, Philipp"]
[Result "1/2-1/2"]
[ECO "C06"]
[WhiteElo "2277"]
[BlackElo "2084"]
[Annotator "NA"]
[PlyCount "59"]
[EventDate "2019.12.27"]
[EventType "team-tourn"]
[EventRounds "7"]
[EventCountry "GER"]
[SourceTitle "playchess.com"]
[Source "ChessBase"]
[SourceQuality "1"]
[WhiteTeam "SG Aufbau Elbe Magdeburg"]
[BlackTeam "USV TU Dresden"]
[TimeControl "40/5400+30:1800+30"]

1. e4 e6 2. d4 d5 3. Nd2 Nf6 4. e5 Nfd7 5. Bd3 c5 6. c3 Nc6 7. Ne2 cxd4 8. cxd4 f6 9. exf6 Nxf6 10. Nf3 Bd6 11. O-O Qc7 12. Nc3 a6 13. h3 {[%emt 0:02:58] C06: French Tarrasch: 3...Nf6 4 e5 Nfd7 5 Bd3 main lines} O-O 14. Bd2 Bd7 15. Re1 Rae8 {[%emt 0:00:17] unterminated [#] unterminated} 16. a3 $146 {[%emt 0:02:34] unterminated} ({Predecessor:} 16. Rc1 Qb8 17. Na4 e5 18. dxe5 Nxe5 19. Nxe5 Bxe5 20. Be3 Bh2+ 21. Kh1 Bf4 22. Nc5 Bxe3 23. Rxe3 Rxe3 24. fxe3 {½-½ (39) Neiksans,A (2553)-Berg,E (2536) Sweden 2019}) 16... e5 {[%emt 0:07:30] unterminated} 17. Nxd5 {[%emt 0:42:50] unterminated} (17. dxe5 $11 Nxe5 18. Be3) 17... Nxd5 18. Bc4 {[%emt 0:00:03] unterminated} Be6 {[%emt 0:14:43] unterminated} ({Of course not} 18... Nxd4 $6 19. Bxd5+ Kh8 20. Rc1 $16) 19. Ng5 {[%emt 0:16:00] unterminated} Nxd4 {[%emt 0:22:26] unterminated} 20. Rc1 {[%emt 0:00:42] unterminated} Qe7 {[%emt 0:02:43] unterminated} 21. Nxe6 $11 Qxe6 22. Be3 Rc8 23. Bxd4 Rxc4 24. Rxc4 Nf4 25. Bc5 Qxc4 26. Qxd6 Re8 27. Qd7 Qf7 28. Qxf7+ Kxf7 29. Rd1 Kf6 30. Re1 {normal "DVM"] [Site "?"] [Date "2019. [Round "7. [White "Hoffmann, Jens"]} 1/2-1/2

[Event "DVM U20 2019"]
[Site "Braunschweig"]
[Date "2019.12.30"]
[Round "7"]
[White "Schneider, Jana"]
[Black "Kartsev, Nikolay"]
[Result "1-0"]
[ECO "B66"]
[WhiteElo "2210"]
[BlackElo "2092"]
[Annotator "ChessBase"]
[PlyCount "50"]
[EventDate "2019.12.27"]
[EventType "team-tourn"]
[EventRounds "7"]
[EventCountry "GER"]
[SourceTitle "playchess.com"]
[Source "ChessBase"]
[SourceQuality "1"]
[WhiteTeam "SC Bavaria Regensburg"]
[BlackTeam "SF Brackel"]
[TimeControl "40/5400+30:1800+30"]

1. e4 c5 2. Nf3 d6 3. d4 cxd4 4. Nxd4 Nf6 5. Nc3 Nc6 6. Bg5 e6 7. Qd2 a6 8. f4 h6 9. Bxf6 Qxf6 10. Nf3 Qd8 11. O-O-O Be7 12. Kb1 b5 13. Bd3 Bd7 14. f5 Ne5 15. fxe6 Bxe6 16. Nd4 Qb6 17. Nd5 Bxd5 18. exd5 O-O 19. h4 Bf6 20. Nf5 h5 21. Qf4 Ng4 22. Rhf1 g6 23. Nh6+ Nxh6 24. Qxf6 Ng4 25. Qg5 {[%emt 0:00:26] normal} Qe3 {[%emt 0:01:49] normal} 1-0

[Event "DVM U20 2019"]
[Site "Braunschweig"]
[Date "2019.12.30"]
[Round "7"]
[White "Fluechter, Gregor"]
[Black "Goldbeck, Lars"]
[Result "1-0"]
[ECO "B13"]
[WhiteElo "2174"]
[BlackElo "2312"]
[Annotator "NA"]
[PlyCount "69"]
[EventDate "2019.12.27"]
[EventType "team-tourn"]
[EventRounds "7"]
[EventCountry "GER"]
[SourceTitle "playchess.com"]
[Source "ChessBase"]
[SourceQuality "1"]
[WhiteTeam "SF Brackel"]
[BlackTeam "SC Bavaria Regensburg"]
[TimeControl "40/5400+30:1800+30"]

1. e4 c6 2. d4 d5 3. exd5 cxd5 4. c4 Nf6 5. Nc3 Nc6 6. Bg5 Ne4 7. Nxe4 dxe4 {[%emt 0:00:02] unterminated} 8. d5 Ne5 {[%emt 0:00:06] unterminated} 9. Qd4 f6 {[%emt 0:01:25] unterminated} 10. Qxe4 Qb6 11. Bd2 {[%emt 0:00:53] unterminated} e6 12. Be2 {[%emt 0:01:44] unterminated} Bc5 {[%emt 0:05:41] unterminated} 13. f4 {[%emt 0:12:25] unterminated} Bxg1 14. fxe5 {[%emt 0:00:03] unterminated} Bf2+ 15. Kd1 O-O {[%emt 0:02:25] unterminated} 16. Bd3 $11 f5 (16... g6 $1 $11) 17. Qe2 Bd4 18. Rb1 Qa6 19. a3 Qa4+ 20. Bc2 Qd7 21. d6 b5 22. cxb5 Bb7 23. Re1 Rac8 24. Bf4 Rxc2 25. Kxc2 Be4+ 26. Kd2 Qb7 27. Qc4 Bf2 28. Rxe4 fxe4 29. Be3 Bxe3+ 30. Kxe3 Qb6+ 31. Kd2 Qf2+ 32. Kc3 Qe3+ 33. Kb4 Qd2+ 34. Qc3 Qd5 35. a4 {[%emt 0:01:03] normal} 1-0

[Event "DVM U20 2019"]
[Site "Braunschweig"]
[Date "2019.12.30"]
[Round "7"]
[White "Lutz, Ruben"]
[Black "Roseneck, Jonas"]
[Result "0-1"]
[ECO "A45"]
[WhiteElo "2132"]
[BlackElo "2417"]
[Annotator "NA"]
[PlyCount "64"]
[EventDate "2019.12.27"]
[EventType "team-tourn"]
[EventRounds "7"]
[EventCountry "GER"]
[SourceTitle "playchess.com"]
[Source "ChessBase"]
[SourceQuality "1"]
[WhiteTeam "USV TU Dresden"]
[BlackTeam "SG Aufbau Elbe Magdeburg"]
[TimeControl "40/5400+30:1800+30"]

1. d4 Nf6 2. Bf4 d5 3. e3 c5 4. c3 e6 5. Nd2 Bd6 {[%emt 0:00:09] unterminated} 6. Bxd6 {[%emt 0:08:20] D00: 1 d4 d5: Unusual lines} Qxd6 7. f4 {[%emt 0:00:09] unterminated} O-O {[%emt 0:03:37] unterminated} 8. Bd3 b6 9. Ngf3 Ba6 10. Qe2 $146 {[%emt 0:00:54] unterminated} ({Predecessor:} 10. Bxa6 Nxa6 11. Ne5 Nc7 {½-½ (77) Ni,H (2671)-Meier,G (2650) Riadh 2017}) 10... Bxd3 11. Qxd3 Nc6 {[%emt 0:01:17] unterminated} 12. Ne5 {[%emt 0:09:19] unterminated} Ne7 {[%emt 0:16:48] unterminated} 13. O-O {[%emt 0:02:18] unterminated} c4 {[%emt 0:04:14] unterminated} 14. Qe2 b5 {[%emt 0:00:11] unterminated} 15. b4 {[%emt 0:02:07] unterminated} (15. e4 $11 {keeps the balance.}) 15... a5 16. a3 {[%emt 0:00:50] unterminated} Ra6 {[%emt 0:00:12] unterminated} 17. bxa5 {[%emt 0:18:04] unterminated} Rxa5 {[%emt 0:08:34] unterminated} 18. Nb1 {[%emt 0:00:05] unterminated} Rfa8 {[%emt 0:03:33] unterminated} 19. Ra2 {[%emt 0:08:26] unterminated} Ne4 {[%emt 0:04:49] unterminated} 20. Rc1 {[%emt 0:02:14] unterminated} f6 21. Nf3 Nc6 22. Rb2 Rxa3 23. Nxa3 Qxa3 24. Qc2 b4 25. Re1 b3 26. Qc1 Qa5 {[%emt 0:00:03] normal} 27. Nd2 Nxc3 {[%emt 0:01:05] normal} 28. Nxb3 cxb3 29. Rxb3 {[%emt 0:00:04] normal} Ne4 30. Re2 {[%emt 0:00:35] normal} Ne7 {[%emt 0:02:34] normal} 31. Rc2 $19 {[%emt 0:00:48] normal} Kf7 32. Rc7 {[%emt 0:02:50] normal} Qxc7 {[%emt 0:00:12] normal} 0-1

[Event "DVM U20 2019"]
[Site "Braunschweig"]
[Date "2019.12.30"]
[Round "7"]
[White "Doll, Alexander"]
[Black "Joeres, Stefan"]
[Result "1/2-1/2"]
[ECO "B33"]
[WhiteElo "2127"]
[BlackElo "2201"]
[Annotator "ChessBase"]
[PlyCount "36"]
[EventDate "2019.12.27"]
[EventType "team-tourn"]
[EventRounds "7"]
[EventCountry "GER"]
[SourceTitle "playchess.com"]
[Source "ChessBase"]
[SourceQuality "1"]
[WhiteTeam "OSG Baden-Baden"]
[BlackTeam "Karlsruher SF"]
[TimeControl "40/5400+30:1800+30"]

1. e4 c5 2. Nf3 Nc6 3. d4 cxd4 4. Nxd4 Nf6 5. Nc3 e5 6. Ndb5 d6 7. Bg5 a6 8. Na3 b5 9. Nd5 Be7 10. Bxf6 Bxf6 11. c4 b4 12. Nc2 O-O 13. Ncxb4 Nxb4 14. Nxb4 Qb6 15. Qb3 Qd4 16. Qc2 Rb8 17. Rd1 Qb6 18. Nd5 Qxb2 {[%emt 0:02:17] normal} 1/2-1/2

[Event "DVM U20 2019"]
[Site "Braunschweig"]
[Date "2019.12.30"]
[Round "7"]
[White "Hoffmann, Jens"]
[Black "Thomsen, Phil"]
[Result "1-0"]
[ECO "B38"]
[WhiteElo "2113"]
[BlackElo "2147"]
[Annotator "NA"]
[PlyCount "81"]
[EventDate "2019.12.27"]
[EventType "team-tourn"]
[EventRounds "7"]
[EventCountry "GER"]
[SourceTitle "playchess.com"]
[Source "ChessBase"]
[SourceQuality "1"]
[WhiteTeam "SF HN-Biberach"]
[BlackTeam "Sges Bensheim"]
[TimeControl "40/5400+30:1800+30"]

1. e4 c5 2. Nf3 Nc6 3. d4 cxd4 4. Nxd4 g6 5. c4 Bg7 6. Be3 Nf6 7. Nc3 O-O 8. Be2 d6 9. O-O Bd7 10. Nc2 a5 {[%emt 0:00:11] unterminated} 11. f4 {[%emt 0:09:27] unterminated} a4 {[%emt 0:12:30] unterminated} 12. Rc1 {[%emt 0:08:40] unterminated} Qa5 {[%emt 0:03:12] unterminated} 13. c5 $14 Rad8 14. cxd6 exd6 15. Na3 Bc8 16. Nc4 Qb4 17. a3 Qb3 18. Bb6 Be6 19. Qxb3 axb3 20. Bxd8 Rxd8 21. Rfd1 d5 22. exd5 Nxd5 23. Nxd5 Rxd5 24. Rxd5 Bxd5 25. Ne5 g5 26. Bc4 gxf4 27. Bxd5 Bxe5 28. Bxc6 bxc6 29. Rxc6 Bxb2 30. Rc8+ Kg7 31. Rb8 Bxa3 32. Rxb3 Bc5+ 33. Kf1 Kg6 34. Ke2 Bg1 35. Rh3 h5 36. Kf3 Kg5 37. Ke4 Kg4 38. Ke5 h4 39. Ke4 f6 40. Kd3 Kg5 41. Ke2 {[%emt 0:02:04] normal} 1-0

[Event "DVM U20 2019"]
[Site "Braunschweig"]
[Date "2019.12.30"]
[Round "7"]
[White "Meiwes, Thore"]
[Black "Holinka, Henning"]
[Result "0-1"]
[ECO "D15"]
[WhiteElo "2106"]
[BlackElo "2233"]
[Annotator "ChessBase"]
[PlyCount "52"]
[EventDate "2019.12.27"]
[EventType "team-tourn"]
[EventRounds "7"]
[EventCountry "GER"]
[SourceTitle "playchess.com"]
[Source "ChessBase"]
[SourceQuality "1"]
[WhiteTeam "SK Lehrte 1919"]
[BlackTeam "Hamburger SK"]
[TimeControl "40/5400+30:1800+30"]

1. d4 d5 2. Nf3 Nf6 3. c4 c6 4. Nc3 a6 5. c5 g6 6. Bf4 Bg7 7. h3 Nbd7 8. e3 O-O 9. Be2 h6 10. Bh2 Ne4 11. O-O f5 12. Na4 g5 13. Ne5 Bxe5 14. Bxe5 Nxe5 15. dxe5 f4 16. Qd4 Bf5 17. Nb6 Rb8 18. b4 Qc7 19. Kh2 e6 20. a4 Qg7 21. g3 Bxh3 22. Kxh3 f3 23. Bxf3 Rxf3 24. Kg2 Rbf8 25. Ra2 Qf7 {[%emt 0:01:10] normal} 26. Qa1 Nxg3 {[%emt 0:00:26] normal} 0-1

[Event "DVM U20 2019"]
[Site "Braunschweig"]
[Date "2019.12.30"]
[Round "7"]
[White "Roehr, Tobias"]
[Black "Schubert, Bernhard"]
[Result "1-0"]
[ECO "D53"]
[WhiteElo "2103"]
[BlackElo "1586"]
[Annotator "ChessBase"]
[PlyCount "46"]
[EventDate "2019.12.27"]
[EventType "team-tourn"]
[EventRounds "7"]
[EventCountry "GER"]
[SourceTitle "playchess.com"]
[Source "ChessBase"]
[SourceQuality "1"]
[WhiteTeam "SG Aufbau Elbe Magdeburg"]
[BlackTeam "USV TU Dresden"]
[TimeControl "40/5400+30:1800+30"]

1. d4 d5 2. c4 e6 3. Nc3 Nf6 4. Bg5 Be7 5. e3 h6 6. Bh4 b6 7. cxd5 exd5 8. Bd3 Bb7 9. Nf3 O-O 10. O-O Nbd7 11. Rc1 Rc8 12. Qa4 a5 13. Bf5 c6 14. Ne5 b5 15. Qd1 Rb8 16. Bg3 Ra8 17. Nxd7 Nxd7 18. Nxd5 cxd5 19. Bxd7 Qxd7 20. Rc7 Qd8 21. Rxb7 b4 22. Qg4 f5 23. Qf3 g5 {[%emt 0:10:53] normal} 1-0

[Event "DVM U20 2019"]
[Site "Braunschweig"]
[Date "2019.12.30"]
[Round "7"]
[White "Koll, Lukas"]
[Black "Wu, Luka"]
[Result "1-0"]
[ECO "A20"]
[WhiteElo "2093"]
[BlackElo "2073"]
[Annotator "NA"]
[PlyCount "35"]
[EventDate "2019.12.27"]
[EventType "team-tourn"]
[EventRounds "7"]
[EventCountry "GER"]
[SourceTitle "playchess.com"]
[Source "ChessBase"]
[SourceQuality "1"]
[WhiteTeam "Karlsruher SF"]
[BlackTeam "OSG Baden-Baden"]
[TimeControl "40/5400+30:1800+30"]

1. c4 e5 2. g3 d6 3. Bg2 f5 4. e3 Nf6 5. Ne2 Be7 6. d3 c6 7. Nbc3 O-O 8. O-O Be6 9. b3 Nbd7 10. e4 Nc5 11. Qc2 Rc8 12. Re1 Qe8 13. f3 Qg6 14. d4 exd4 15. Nxd4 fxe4 16. Nxe4 Nfxe4 17. fxe4 Bf6 18. Rb1 {[%emt 0:00:30] normal} 1-0

[Event "DVM U20 2019"]
[Site "Braunschweig"]
[Date "2019.12.30"]
[Round "7"]
[White "Engel, Robert"]
[Black "Reimer, Philip"]
[Result "1-0"]
[ECO "B31"]
[WhiteElo "2075"]
[BlackElo "2065"]
[Annotator "NA"]
[PlyCount "78"]
[EventDate "2019.12.27"]
[EventType "team-tourn"]
[EventRounds "7"]
[EventCountry "GER"]
[SourceTitle "playchess.com"]
[Source "ChessBase"]
[SourceQuality "1"]
[WhiteTeam "Hamburger SK"]
[BlackTeam "SK Lehrte 1919"]
[TimeControl "40/5400+30:1800+30"]

1. e4 c5 2. Nf3 Nc6 3. Bb5 g6 4. Bxc6 dxc6 5. d3 Bg7 6. h3 Nf6 7. Nc3 O-O 8. Be3 b6 9. O-O e5 {unterminated} 10. Qd2 Qd6 {[%emt 0:00:33] unterminated} 11. Bh6 Nh5 {[%emt 0:00:34] unterminated} 12. Ne2 f6 13. Rfd1 {[%emt 0:05:18] unterminated} Be6 {[%emt 0:12:31] unterminated} 14. c3 {[%emt 0:06:31] unterminated} Rad8 {[%emt 0:01:43] unterminated} 15. Bxg7 {[%emt 0:09:03] unterminated} Nxg7 {[%emt 0:02:12] unterminated} 16. Qe3 {[%emt 0:02:40] unterminated} Rfe8 {[%emt 0:19:01] unterminated} 17. b3 $11 Bf7 18. d4 exd4 19. cxd4 Nf5 20. Qd3 Nxd4 21. Nexd4 cxd4 22. Qxd4 Qxd4 23. Nxd4 Rd6 24. Nc2 Rxd1+ 25. Rxd1 Rxe4 26. Rd8+ Kg7 27. Rd7 a5 28. Nd4 c5 29. Nb5 Kf8 30. Rxf7+ Kxf7 31. Nd6+ Ke6 32. Nxe4 Ke5 33. Nd2 b5 34. a4 c4 35. axb5 c3 36. Nf3+ Kd5 37. Ne1 Kc5 38. Nc2 Kxb5 39. Kf1 a4 {normal} 1-0

[Event "DVM U20 2019"]
[Site "Braunschweig"]
[Date "2019.12.30"]
[Round "7"]
[White "Weller, Uli"]
[Black "Schimnatkowski, Lukas"]
[Result "1-0"]
[ECO "B76"]
[WhiteElo "2070"]
[BlackElo "2157"]
[Annotator "NA"]
[PlyCount "29"]
[EventDate "2019.12.27"]
[EventType "team-tourn"]
[EventRounds "7"]
[EventCountry "GER"]
[SourceTitle "playchess.com"]
[Source "ChessBase"]
[SourceQuality "1"]
[WhiteTeam "SF Augsburg"]
[BlackTeam "SF Essen-Katernberg"]
[TimeControl "40/5400+30:1800+30"]

1. e4 c5 2. Nc3 Nc6 3. Nge2 g6 4. d4 cxd4 5. Nxd4 Bg7 6. Be3 d6 7. Qd2 Nf6 8. f3 O-O 9. O-O-O Nxd4 10. Bxd4 Be6 11. Nd5 Qd7 12. Nxf6+ Bxf6 13. Bxf6 exf6 14. Qxd6 Qa4 15. a3 {[%emt 0:00:50] normal Übertragungsfehler, weitere Züge fehlen} 1-0